 Dungeon Crawl Stone Soup version 0.23.0 (webtiles) character file.

Game seed: 16712956723158106406

35 Descartes the Grasshopper (level 3, 0/18 HPs)
             Began as a Vine Stalker Warper on Feb 11, 2019.
             Succumbed to an adder's poison
             ... on level 1 of the Dungeon.
             The game lasted 00:02:52 (1465 turns).

Descartes the Grasshopper (Vine Stalker Warper)     Turns: 1465, Time: 00:02:52

Health: 0/18       AC:  5    Str: 13    XL:     3   Next: 33%
Magic:  1/7        EV: 11    Int: 14    God:
Gold:   122        SH:  0    Dex: 13    Spells: 2/6 levels left

rFire    . . .     SeeInvis .     - Unarmed
rCold    . . .     Gourm    .   (no shield)
rNeg     . . .     Faith    .   b - +0 ring mail
rPois    .         Spirit   +   (no helmet)
rElec    .         Reflect  .   (no cloak)
rCorr    .         Harm     .   (no gloves)
MR       .....                  (no boots)
Stlth    +.........             (no amulet)
HPRegen  0.06/turn              (no ring)
MPRegen  0.10/turn              (no ring)

@: lethally poisoned (0 -> -8)
A: fangs 2, magic shield, antimagic bite, no potion heal 3, rot immunity
a: no special abilities


You were on level 1 of the Dungeon.
You were hungry.

You visited 1 branch of the dungeon, and saw 2 of its levels.

You collected 122 gold pieces.

Inventory:

Missiles
 d - 5 tomahawks of dispersal (quivered)
 e - 25 sling bullets
 g - 38 arrows
 h - 13 poisoned needles
 k - 59 stones
Armour
 a - a +0 leather armour
 b - a +0 ring mail (worn)
Scrolls
 c - a scroll of blinking
 j - a scroll of remove curse {unknown}
 n - a scroll of fear {unknown}
 q - 4 scrolls of identify {unknown}
Potions
 i - 5 potions of curing {unknown}
 l - a potion of ambrosia {unknown}
 m - a potion of degeneration {unknown}
 o - a potion of berserk rage {unknown}
 r - a potion of flight {unknown}
Comestibles
 f - 4 rations


   Skills:
 + Level 1.9 Fighting
 - Level 0.8 Throwing
 + Level 1.1 Armour
 + Level 1.8 Dodging
 + Level 0.8 Stealth
 * Level 2.4 Unarmed Combat
 + Level 2.3 Spellcasting
 * Level 0.9 Charms
 * Level 3.1 Translocations


You had 2 spell levels left.
You knew the following spells:

 Your Spells              Type           Power        Failure   Level  Hunger
a - Shroud of Golubria    Chrm/Tloc      #.........   32%         2    ###....
b - Blink                 Tloc           N/A          21%         2    ###....

Your spell library contained the following spells:

 Spells                   Type           Power        Failure   Level  Hunger
 Gell's Gravitas          Tloc           ##........   38%         3    ###....
 Lesser Beckoning         Tloc           ##........   38%         3    ###....
 Teleport Other           Tloc           ##......     38%         3    ###....
 Passage of Golubria      Tloc           N/A          80%         4    #####..


Dungeon Overview and Level Annotations

Branches:
Dungeon (2/15)

Altars:


Innate Abilities, Weirdness & Mutations

You have extremely sharp teeth.
When hurt, damage is shared between your health and your magic reserves.
Your bite disrupts and absorbs the magic of your enemies.
Potions cannot restore your health.
You are immune to rotting.


Message History

You feel sick. The adder misses you.
You hit the adder.
The adder is moderately wounded.
The adder completely misses you.
You closely miss the adder. Your bite misses the adder.
The adder is moderately wounded.
The adder bites you.
* * * LOW HITPOINT WARNING * * *
You are more poisoned.
The adder poisons you! The adder barely misses you.
You closely miss the adder.
The adder is moderately wounded.
* * * LOW HITPOINT WARNING * * *
You feel sick. The adder bites you.
You barely miss the adder. You bite the adder, but do no damage.
The adder is moderately wounded.
The adder closely misses you.
You hit the adder.
The adder is heavily wounded.
You die...

# ###.##.###.# #.#
#...### #. #
#...##.# #.# #.#
#.....# ##. #
#.#.##.###.# #.#
#...#.# ##.. #
#.#.##..##.# #.#
#####.# ##...
###.#.###.##.# #.#
#.# ##.... ##....#
#.##.# #.# #.#
#..... ...#..#
#.##.# #.# #.#
##....
##....###.##.# #S#
#.# ##...
....#.##..>#.# #@#
##.## ##..
#####....#...#
#.######.#.## ##.
#.##...###
#.......###.######
#.###.##
########.#.......#
#......#
#........######.#
#......#
#.######## #.#
#####......# #.#
#.' #..........#
#.# ###
#.####.....# #.# #


You could see an adder.

Vanquished Creatures
  An adder (D:2)
  A dart slug (D:2)
  2 leopard geckos (D:1)
  2 bats
  2 giant cockroaches
  2 goblins (D:1)
  3 hobgoblins
  A ball python (D:2)
  2 frilled lizards
  3 kobolds (D:1)
  3 rats (D:1)
22 creatures vanquished.

Notes
Turn   | Place    | Note
-------+----------+-------------------------------------------
     0 | D:1      | Descartes the Vine Stalker Warper began the quest for the
                  | Orb.
     0 | D:1      | Reached XP level 1. HP: 11/11 MP: 4/4
   298 | D:1      | Reached skill level 1 in Armour
   298 | D:1      | Reached XP level 2. HP: 15/15 MP: 6/6
   305 | D:1      | Learned a level 2 spell: Shroud of Golubria
   308 | D:1      | Learned a level 2 spell: Blink
  1343 | D:2      | Reached XP level 3. HP: 18/18 MP: 7/7
  1465 | D:1      | Succumbed to an adder's poison

Skill      XL: |  1 |
---------------+----+-----
Armour         | 1 |  1.1
Fighting       | |  1.9
Throwing       | |  0.8
Dodging        | |  1.8
Stealth        | |  0.8
Unarmed Combat | |  2.4
Spellcasting   | |  2.3
Charms         | |  0.9
Translocations | |  3.1

Action                   || total
-------------------------++-------
Melee: Unarmed           ||   111
       Bite              ||    25
       Punch             ||     1
  Eat: Chunk             ||     1
Armor: Ring mail         ||    48
Dodge: Dodged            ||    77
